[Event "*** Titled Tuesday Blitz"]
[Site "Chess.com"]
[Date "2020.04.21"]
[Round "4"]
[White "ShieldingOff"]
[Black "elisak43"]
[Result "0-1"]
[WhiteElo "2008"]
[BlackElo "2391"]
[TimeControl "180+1"]
[EndTime "10:36:35 PDT"]
[Termination "elisak43 won by checkmate"]

1. d4 Nf6 2. c4 e6 3. g3 c5 4.
Nf3 cxd4 5. Nxd4 d5 6. Bg2 e5 7. Nc2 d4 8. O-O Nc6 9. Bd2 h5 10. b4 h4 11. b5 Ne7 12. Bg5 Nf5 13. Nd2 hxg3 14. hxg3 Qb6 15. Ne4 Nxe4 16. Bxe4 Qg6 17.
Qd2 Qh5 18. Rfc1 Nxg3 19. fxg3 Qh2+ 20. Kf1 Bh3+ 21. Ke1 Qg1# 0-1

[Event "*** Titled Tuesday Blitz"]
[Site "Chess.com"]
[Date "2020.04.21"]
[Round "4"]
[White "Indianlad"]
[Black "kungmongmanh"]
[Result "1-0"]
[WhiteElo "2982"]
[BlackElo "2588"]
[TimeControl "180+1"]
[EndTime "10:36:37 PDT"]
[Termination "Indianlad won by resignation"]

1. Nf3 Nf6 2. c4 e6 3. Nc3 d5 4.
e3 Be7 5. b3 O-O 6. Bb2 c5 7.
cxd5 Nxd5 8. Qb1 Bf6 9. h4 Nxc3 10. dxc3 Nc6 11. Bd3 h6 12. g4 Ne5 13. Nxe5 Bxe5 14. Qc2 f5 15. O-O-O Qb6 16. f4 Bd6 17. g5 h5 18. g6 Be7 19. Qe2 Bf6 20. Qxh5 Rd8 21. c4 Qa5 22. Bxf6 1-0

[Event "*** Titled Tuesday Blitz"]
[Site "Chess.com"]
[Date "2020.04.21"]
[Round "4"]
[White "agus_k"]
[Black "Quiet_Desperation"]
[Result "1-0"]
[WhiteElo "2595"]
[BlackElo "1963"]
[TimeControl "180+1"]
[EndTime "10:36:37 PDT"]
[Termination "agus_k won by resignation"]

1. e4 e6 2. d4 d5 3. Nd2 Nf6 4.
e5 Nfd7 5. c3 c5 6. f4 Nc6 7.
Ndf3 Qb6 8. Ne2 cxd4 9. cxd4 Na5 10.
g3 Nc4 11. b3 Bb4+ 12. Kf2 Na3 13. Kg2 f6 14. Bb2 fxe5 15. fxe5 O-O 16. Nf4 Nb8 17. Bd3 Be7 18. Bxa3 Bxa3 19. Bxh7+ Kxh7 20. Ng5+ Kg8 21. Qh5 Rxf4 22. Raf1 Rf5 23. Qe8+ Bf8 24. Rxf5 exf5 25. Qf7+ 1-0

[Event "*** Titled Tuesday Blitz"]
[Site "Chess.com"]
[Date "2020.04.21"]
[Round "4"]
[White "IljaJoke"]
[Black "eldidi20"]
[Result "1-0"]
[WhiteElo "2494"]
[BlackElo "2157"]
[TimeControl "180+1"]
[EndTime "10:36:39 PDT"]
[Termination "IljaJoke won by resignation"]

1. d4 Nf6 2. c4 g6 3. Nc3 Bg7 4. e4 O-O 5. Be2 d6 6. Be3 e5 7.
d5 a5 8. g4 Na6 9. h4 Nc5 10.
f3 c6 11. h5 cxd5 12. cxd5 Bd7 13. Qd2 Qb8 14. Bh6 b5 15. hxg6 fxg6 16. Bxg7 Kxg7 17. Qh6+ Kh8 18. g5 Nh5 19. Rxh5 gxh5 20. g6 Rf7 21. gxf7 Qd8 22. Bxb5 1-0

[Event "*** Titled Tuesday Blitz"]
[Site "Chess.com"]
[Date "2020.04.21"]
[Round "4"]
[White "Mizner"]
[Black "Rainmond"]
[Result "0-1"]
[WhiteElo "2514"]
[BlackElo "2725"]
[TimeControl "180+1"]
[EndTime "10:36:45 PDT"]
[Termination "Rainmond won by resignation"]

1. e4 c5 2. Nf3 d6 3. d4 Nf6 4.
dxc5 Nxe4 5. cxd6 Nc6 6. dxe7 Qxd1+ 7. Kxd1 Nxf2+ 8. Ke1 Nxh1 9. exf8=Q+ Rxf8 10. Bd3 Bg4 11. Be3 O-O-O 12. Nc3 Rfe8 13. Kd2 Bxf3 14. gxf3 Ne5 15. Rxh1 Nc4+ 16. Kc1 Nxe3 17. Be4 f5 0-1

[Event "*** Titled Tuesday Blitz"]
[Site "Chess.com"]
[Date "2020.04.21"]
[Round "4"]
[White "Witik"]
[Black "YPradafah"]
[Result "1-0"]
[WhiteElo "2709"]
[BlackElo "2500"]
[TimeControl "180+1"]
[EndTime "10:36:45 PDT"]
[Termination "Witik won on time"]

1. d4 Nf6 2. c4 g6 3. Nc3 Bg7 4. e4 O-O 5. Nf3 d6 6. Be2 e5 7.
O-O Nc6 8. dxe5 dxe5 9. Bg5 Be6 10. Nd5 h6 11. Nxf6+ Bxf6 12. Bxh6 1-0

[Event "*** Titled Tuesday Blitz"]
[Site "Chess.com"]
[Date "2020.04.21"]
[Round "4"]
[White "Muracle"]
[Black "isla88"]
[Result "1-0"]
[WhiteElo "2609"]
[BlackElo "2309"]
[TimeControl "180+1"]
[EndTime "10:36:46 PDT"]
[Termination "Muracle won by resignation"]

1. e4 c5 2. Nf3 Nc6 3. Bb5 g6 4. O-O Bg7 5. Re1 e5 6. b4 Nxb4 7. Bb2 Qc7 8. c3 Nc6 9. d4 cxd4 10. cxd4 exd4 11. Nxd4 Nf6 12. e5 Nd5 13. Bc4 Nxd4 14. Qxd4 Nb6 15. Bxf7+ Kf8 16. Bb3 1-0

[Event "*** Titled Tuesday Blitz"]
[Site "Chess.com"]
[Date "2020.04.21"]
[Round "4"]
[White "Berant"]
[Black "Boorchess"]
[Result "0-1"]
[WhiteElo "2361"]
[BlackElo "2562"]
[TimeControl "180+1"]
[EndTime "10:36:48 PDT"]
[Termination "Boorchess won by resignation"]

1. e4 e6 2. d4 d5 3. Nd2 c5 4.
exd5 exd5 5. Ngf3 Nc6 6. Bb5 Bd6 7. Qe2+ Qe7 8. dxc5 Bxc5 9. Nb3 Qxe2+ 10. Bxe2 Bb6 11. Bf4 Nge7 12. a4 a6 13. a5 Ba7 14. O-O Bg4 15.
Rad1 O-O 16. h3 Bh5 17. Rfe1 Rfe8 18. Ne5 Bxe2 19. Rxe2 Ng6 20. Nxc6 Rxe2 21. Nxa7 Nxf4 22. g3 Ne6 23. Rxd5 Rxa7 24. Nd4 Re1+ 25. Kg2 Ra8 26. Rd7 Rd8 0-1

[Event "*** Titled Tuesday Blitz"]
[Site "Chess.com"]
[Date "2020.04.21"]
[Round "4"]
[White "sergiochess83"]
[Black "Maybe00"]
[Result "1/2-1/2"]
[WhiteElo "2810"]
[BlackElo "2638"]
[TimeControl "180+1"]
[EndTime "10:36:50 PDT"]
[Termination "Game drawn by agreement"]

1. e4 e5 2. Nf3 Nc6 3. Bb5 a6 4. Ba4 Nf6 5. O-O Nxe4 6. d4 Be7 7. dxe5 Nc5 8. Bb3 Nxb3 9. axb3 d6 10. Bf4 dxe5 11. Nxe5 Nxe5 12. Bxe5 O-O 13. Nc3 Qxd1 14.
Raxd1 Bf5 15. Nd5 Bd8 16. Ne3 Be6 17. Rd2 f6 18. Bg3 Rc8 19. Rfd1 Be7 20. Nd5 Bxd5 21. Rxd5 Rfd8 22. Kf1 Rxd5 23. Rxd5 Rd8 24. Rxd8+ Bxd8 25.
Ke2 1/2-1/2

[Event "*** Titled Tuesday Blitz"]
[Site "Chess.com"]
[Date "2020.04.21"]
[Round "4"]
[White "NTDVAN12"]
[Black "BvsN"]
[Result "1-0"]
[WhiteElo "2618"]
[BlackElo "2370"]
[TimeControl "180+1"]
[EndTime "10:36:50 PDT"]
[Termination "NTDVAN12 won by resignation"]

1. d4 d5 2. c4 c6 3. Nc3 Nf6 4. cxd5 cxd5 5. Bf4 Nc6 6. e3 a6 7. Be2 Bf5 8. Nf3 Rc8 9. h3 e6 10. Qb3 Na5 11. Qa4+ Nc6 12. Ne5 Bd6 13. Bxa6 Qb6 14.
Nxc6 Rxc6 15. Bb5 Bxf4 16. exf4 O-O 17. Bxc6 Qxb2 18. O-O bxc6 19. Qxc6 Bd3 20. Rfc1 Ne4 21. Nxe4 dxe4 22. Qc3 Qe2 23. Re1 Qh5 24. a4 Ba6 25.
a5 Qg6 26. Qg3 Qf5 27. Qg5 1-0

[Event "*** Titled Tuesday Blitz"]
[Site "Chess.com"]
[Date "2020.04.21"]
[Round "4"]
[White "jefferyx"]
[Black "kleopl"]
[Result "1-0"]
[WhiteElo "2841"]
[BlackElo "2461"]
[TimeControl "180+1"]
[EndTime "10:36:57 PDT"]
[Termination "jefferyx won by resignation"]

1. c4 Nf6 2. Nf3 g6 3. Nc3 Bg7 4. g3 O-O 5. Bg2 c6 6. d4 d5 7. cxd5 cxd5 8. Ne5 e6 9. O-O Nfd7 10. Nf3 Nc6 11.
b3 Qb6 12. e3 Ne7 13. Na4 Qd8 14. Ba3 Re8 15. Rc1 Nb6 16. Nc5 Nd7 17. Nd3 b6 18. Qd2 Ba6 19. Rfd1 Bxd3 20. Qxd3 Nf6 21. Qa6 Ne4 22. Bf1 Nd6 23. Ne5 Nef5 24. Rc2 h5 25.
Rdc1 Bxe5 26. dxe5 Ne4 27. Bb5 h4 28. Bxe8 Qxe8 29.
Rc8 1-0

[Event "*** Titled Tuesday Blitz"]
[Site "Chess.com"]
[Date "2020.04.21"]
[Round "4"]
[White "SoltaniciR"]
[Black "Cecile-Haussernot"]
[Result "1-0"]
[WhiteElo "2586"]
[BlackElo "2339"]
[TimeControl "180+1"]
[EndTime "10:37:04 PDT"]
[Termination "SoltaniciR won by resignation"]

1. e4 c5 2. Nf3 d6 3. Nc3 Nf6 4.
d4 cxd4 5. Nxd4 a6 6. Be3 e5 7. Nf3 Be7 8. Bc4 O-O 9. O-O Be6 10.
Bxe6 fxe6 11. Na4 Nbd7 12. Ng5 b5 13. Nxe6 Qc8 14. Nxf8 Bxf8 15. Nc3 b4 16. Nd5 Nxe4 17. Nxb4 Ndf6 18. Nd5 Rb8 19. b3 Qe6 20. Nxf6+ Nxf6 21. c4 a5 22. Qd3 e4 23. Qd4 Nd7 24. Rfd1 Kh8 25. Qd5 Qe7 26. Qxa5 Ne5 27. Qd5 Qh4 28. Rd4 Re8 29. Rxe4 Ng4 30. h3 Nxe3 31. Rxe3 Qf6 32. Rae1 Be7 33. Qc6 Rf8 34. Rxe7 Qxf2+ 35. Kh1 Qf6 36.
Re8 1-0

[Event "*** Titled Tuesday Blitz"]
[Site "Chess.com"]
[Date "2020.04.21"]
[Round "4"]
[White "francyIM"]
[Black "lukas_111111"]
[Result "0-1"]
[WhiteElo "2692"]
[BlackElo "2537"]
[TimeControl "180+1"]
[EndTime "10:37:05 PDT"]
[Termination "lukas_111111 won by resignation"]

1. c4 e6 2. Nc3 d5 3. d4 c5 4.
cxd5 exd5 5. Nf3 Nc6 6. g3 Nf6 7. Bg2 Be7 8. O-O O-O 9. dxc5 Bxc5 10. a3 d4 11. Na4 Be7 12. b4 Bf5 13. Bb2 d3 14. e3 b5 15. Nc3 Qb6 16. Nh4 Be6 17. Nf3 Rfd8 18. Ng5 Bc4 19. Qd2 a5 20. bxa5 Nxa5 21.
Bxa8 Nb3 22. Qd1 Nxa1 23. Bg2 Nc2 24. Nb1 Nxe3 25. fxe3 Qxe3+ 26. Kh1 Qxg5 27. Nd2 Ng4 28. Ne4 Qg6 29. Qd2 Bd5 30. Qxd3 Bxe4 31. Qxe4 Nf2+ 0-1

[Event "*** Titled Tuesday Blitz"]
[Site "Chess.com"]
[Date "2020.04.21"]
[Round "4"]
[White "Tayson_7"]
[Black "GHANDEEVAM2003"]
[Result "1-0"]
[WhiteElo "2716"]
[BlackElo "2881"]
[TimeControl "180+1"]
[EndTime "10:37:06 PDT"]
[Termination "Tayson_7 won by resignation"]

1. e4 e6 2. d4 d5 3. Nc3 Nf6 4. e5 Ne4 5. Nxe4 dxe4 6. Be3 b6 7. Ne2 Bb7 8. Nc3 Nd7 9. Qg4 h5 10. Qf4 Bb4 11. Be2 Qe7 12. O-O Bxc3 13. bxc3 O-O-O 14. a4 Rdg8 15. h4 f6 16. exf6 gxf6 17. a5 Qd6 18. Qxd6 cxd6 19. axb6 axb6 20. Ra7 Kc7 21. Ba6 Rb8 22. Rb1 f5 23. Bg5 Rhg8 24. Rb4 b5 25. Rxb5 Nb6 26. c4 1-0

[Event "*** Titled Tuesday Blitz"]
[Site "Chess.com"]
[Date "2020.04.21"]
[Round "4"]
[White "AustrianFalcon"]
[Black "ClockworkKubrick"]
[Result "1-0"]
[WhiteElo "2599"]
[BlackElo "2178"]
[TimeControl "180+1"]
[EndTime "10:37:13 PDT"]
[Termination "AustrianFalcon won by resignation"]

1. e4 d6 2. d4 Nf6 3. Nc3 g6 4. Bf4 Bg7 5. Qd2 O-O 6. Bh6 c6 7. O-O-O Nbd7 8. f3 e5 9. Bxg7 Kxg7 10. h4 h5 11. Nge2 Qa5 12. a3 b5 13. dxe5 dxe5 14.
g4 Nb6 15. Ng3 Rh8 16. Qg5 Nc4 17. Bxc4 bxc4 18. Rd6 Ne8 19. Rxg6+ fxg6 20. Qe7+ Kg8 21. Qxe8+ Kg7 22. Qe7+ Kg8 23. gxh5 Rh7 24. Qe8+ Kg7 25. hxg6 Rh8 26. Qf7+ Kh6 27. g7 Be6 1-0

[Event "*** Titled Tuesday Blitz"]
[Site "Chess.com"]
[Date "2020.04.21"]
[Round "4"]
[White "PetrolulSah"]
[Black "imrk_64"]
[Result "1-0"]
[WhiteElo "2206"]
[BlackElo "2440"]
[TimeControl "180+1"]
[EndTime "10:37:13 PDT"]
[Termination "PetrolulSah won by resignation"]

1. d4 Nf6 2. c4 e6 3. g3 d5 4. Bg2 Be7 5. Nf3 O-O 6. O-O dxc4 7. Qc2 b5 8. Bg5 Bb7 9. Bxf6 Bxf6 10. Ng5 Bxg5 11.
Bxb7 Nd7 12. Bxa8 Qxa8 13. Nc3 b4 14. Ne4 Be7 15. Nd2 c5 16. Qxc4 Rc8 17. dxc5 Bxc5 18. Qe4 Qb8 19. Rac1 Nf6 20. Qf3 h6 21. Ne4 Nxe4 22.
Qxe4 Qb6 23. Rc4 Rd8 24. Qc2 Bd4 25. e3 Bf6 26. Rc8 Rxc8 27. Qxc8+ Kh7 28. Rd1 Bxb2 29. Qc2+ 1-0

[Event "*** Titled Tuesday Blitz"]
[Site "Chess.com"]
[Date "2020.04.21"]
[Round "4"]
[White "talaicito"]
[Black "gixfantastix"]
[Result "1-0"]
[WhiteElo "2282"]
[BlackElo "2086"]
[TimeControl "180+1"]
[EndTime "10:37:20 PDT"]
[Termination "talaicito won by checkmate"]

1. d4 Nf6 2. Nc3 d5 3. Bf4 e6 4. e3 Bd6 5. Nf3 O-O 6. Ne5 Bxe5 7. dxe5 Nfd7 8. Bd3 h6 9. Qh5 Nc5 10. O-O-O Nxd3+ 11. Rxd3 c5 12. e4 d4 13. Rg3 Kh7 14. Rxg7+ Kxg7 15. Bxh6+ Kh7 16. Bg5+ Kg8 17. Bf6 Qxf6 18. exf6 dxc3 19.
Qg5+ Kh7 20. Qg7# 1-0

[Event "*** Titled Tuesday Blitz"]
[Site "Chess.com"]
[Date "2020.04.21"]
[Round "4"]
[White "KrakenBeast"]
[Black "GothamChess"]
[Result "1-0"]
[WhiteElo "2363"]
[BlackElo "2561"]
[TimeControl "180+1"]
[EndTime "10:37:24 PDT"]
[Termination "KrakenBeast won by resignation"]

1. Nf3 f5 2. d3 Nc6 3. e4 e5 4. d4 fxe4 5. Nxe5 Nf6 6. Nc3 Be7 7.
Bg5 O-O 8. Bc4+ d5 9. Bxf6 dxc4 10. Nxc6 bxc6 11. Bxe7 Qxe7 12. Qe2 Qb4 13. O-O Qxb2 14. Qxc4+ Kh8 15. Nxe4 Bf5 16. Ng5 Bg6 17. Qxc6 Qxd4 18.
Ne6 1-0

[Event "*** Titled Tuesday Blitz"]
[Site "Chess.com"]
[Date "2020.04.21"]
[Round "4"]
[White "Rap_woyska"]
[Black "harrisonchess21"]
[Result "0-1"]
[WhiteElo "2358"]
[BlackElo "2622"]
[TimeControl "180+1"]
[EndTime "10:37:27 PDT"]
[Termination "harrisonchess21 won by resignation"]

1. c4 b6 2. e4 Bb7 3. Nc3 e5 4. Nf3 Nc6 5. Bd3 Nf6 6. O-O Bc5 7. Na4 Bd6 8. a3 Qe7 9. b4 O-O 10. Bb2 a5 11. b5 Nd4 12. Nxd4 exd4 13. Bxd4 Nxe4 14. Re1 Qh4 15. g3 Nxg3 16. fxg3 Bxg3 17. Be4 Bxe4 18. hxg3 Qxg3+ 0-1

[Event "*** Titled Tuesday Blitz"]
[Site "Chess.com"]
[Date "2020.04.21"]
[Round "4"]
[White "amiralfio"]
[Black "kreonx"]
[Result "1-0"]
[WhiteElo "2521"]
[BlackElo "2245"]
[TimeControl "180+1"]
[EndTime "10:37:29 PDT"]
[Termination "amiralfio won by resignation"]

1. e4 c6 2. Nf3 d5 3. Nc3 g6 4.
exd5 cxd5 5. d4 Nc6 6. Bf4 a6 7. Qd2 Bg7 8. O-O-O Bg4 9. Be2 e6 10. Kb1 Bxf3 11. Bxf3 Nxd4 12. Bxd5 exd5 13. Rhe1+ Ne6 14. Nxd5 Rc8 15. Nc7+ Ke7 16. Qb4+ Kf6 17. Be5+ Kg5 18. Nxe6+ fxe6 19. Qf4+ Kh5 20. g4+ Kh4 21. Qg3+ Kg5 22. f4+ Kh6 23. Qh3+ 1-0

[Event "*** Titled Tuesday Blitz"]
[Site "Chess.com"]
[Date "2020.04.21"]
[Round "4"]
[White "Bryakin_Mikhail"]
[Black "asms9699"]
[Result "1-0"]
[WhiteElo "2795"]
[BlackElo "2617"]
[TimeControl "180+1"]
[EndTime "10:37:32 PDT"]
[Termination "Bryakin_Mikhail won by resignation"]

1. d4 d5 2. Nf3 Nf6 3. c4 c6 4.
Nc3 a6 5. e3 g6 6. b3 Bg7 7.
Bb2 O-O 8. Bd3 Bg4 9. O-O Bxf3 10. Qxf3 e5 11. dxe5 Nfd7 12. cxd5 Nxe5 13. Qe2 cxd5 14. Na4 Nbc6 15. Rfd1 Qh4 16. Rac1 Rad8 17. Nc5 Ng4 18. h3 Nxf2 19. Bxg7 Nxd3 20. Rxd3 Kxg7 21.
Nxb7 Ne5 22. Rd4 Qg5 23. Nxd8 Rxd8 24. Rc5 1-0

[Event "*** Titled Tuesday Blitz"]
[Site "Chess.com"]
[Date "2020.04.21"]
[Round "4"]
[White "SaguriGuerra"]
[Black "MihailNik"]
[Result "1-0"]
[WhiteElo "2536"]
[BlackElo "2725"]
[TimeControl "180+1"]
[EndTime "10:37:32 PDT"]
[Termination "SaguriGuerra won by resignation"]

1. e4 e6 2. d4 d5 3. Nd2 dxe4 4. Nxe4 Nd7 5. Bd3 Ngf6 6. Qe2 Be7 7. Nf3 Nxe4 8. Bxe4 Nf6 9. Bxb7 Rb8 10. Bxc8 Qxc8 11. O-O O-O 12. Re1 c5 13. c3 cxd4 14. Nxd4 Nd5 15. a4 Bf6 16. Nb5 Qd7 17. c4 Nb4 18. Bf4 Rb7 19. Red1 Qc6 20. Bd6 Be7 21. Bxe7 Rxe7 22.
Rd6 Qc5 23. Rad1 g6 24. b3 e5 25. Qe3 Qc8 26. Qd2 a5 27. Rd8 Qg4 28. f3 Qf5 29.
Rxf8+ Kxf8 30. Qd8+ Re8 31. Qxe8+ Kxe8 32. Nd6+ 1-0

[Event "*** Titled Tuesday Blitz"]
[Site "Chess.com"]
[Date "2020.04.21"]
[Round "4"]
[White "NZT72"]
[Black "kinga2008"]
[Result "1-0"]
[WhiteElo "2450"]
[BlackElo "2184"]
[TimeControl "180+1"]
[EndTime "10:37:35 PDT"]
[Termination "NZT72 won by resignation"]

1. c4 c5 2. g3 Nc6 3. Bg2 g6 4. Nc3 Bg7 5. Nf3 e6 6. O-O Nge7 7. d3 O-O 8. Bg5 h6 9. Bd2 d5 10. Rb1 d4 11. Na4 Qd6 12. a3 a6 13. b4 cxb4 14. c5 Qc7 15. Nb6 Rb8 16. axb4 e5 17. Qc1 f5 18. Bxh6 f4 19. Bxg7 Kxg7 20. Ng5 Nf5 21.
Qc4 Nce7 22. Nxc8 Qxc8 23. Ne6+ Kh6 24. Nxf8 Qxf8 25. b5 axb5 26. Rxb5 Qf6 27. Rxb7 Rxb7 28. Bxb7 fxg3 29. hxg3 Qg5 30. Qc1 Ne3 31. fxe3 Qxg3+ 32. Bg2 dxe3 33. Rf3 Qg4 34. Qxe3+ Kh7 35. Rf7+ 1-0

[Event "*** Titled Tuesday Blitz"]
[Site "Chess.com"]
[Date "2020.04.21"]
[Round "4"]
[White "Pavlov_Sergey"]
[Black "juniortay"]
[Result "1-0"]
[WhiteElo "2625"]
[BlackElo "2413"]
[TimeControl "180+1"]
[EndTime "10:37:38 PDT"]
[Termination "Pavlov_Sergey won by resignation"]

1. c4 e6 2. Nf3 d5 3. g3 c5 4. Bg2 Nc6 5. O-O Nf6 6. d4 cxd4 7. Nxd4 Bc5 8. Nb3 Bb6 9. Nc3 O-O 10. cxd5 exd5 11.
Nxd5 Nxd5 12. Qxd5 Be6 13. Qxd8 Rfxd8 14. Bf4 a5 15.
Rac1 a4 16. Nc5 Nd4 17. Rfe1 Rac8 18. Nxe6 fxe6 19. Kf1 Rc2 20. e3 Rdc8 21. Rxc2 Nxc2 22. Bxb7 Rc4 23. Rc1 Nxe3+ 24. Bxe3 Rxc1+ 25. Bxc1 Kf8 26. Ke2 1-0

[Event "*** Titled Tuesday Blitz"]
[Site "Chess.com"]
[Date "2020.04.21"]
[Round "4"]
[White "BlackWidow515"]
[Black "mjray79"]
[Result "1-0"]
[WhiteElo "2079"]
[BlackElo "2259"]
[TimeControl "180+1"]
[EndTime "10:37:38 PDT"]
[Termination "BlackWidow515 won by resignation"]

1. Nf3 Nf6 2. d4 g6 3. g3 Bg7 4. Bg2 O-O 5. O-O d6 6. c4 Nc6 7. Nc3 a6 8. e4 Bg4 9. h3 Bxf3 10. Bxf3 e5 11. d5 Ne7 12. b4 Ne8 13. c5 f5 14. a4 f4 15. g4 g5 16. Ba3 Ng6 17. b5 Nh4 18. Bb4 a5 19. Ba3 dxc5 20.
Bxc5 Nd6 21. Qd3 Qf6 22. Rab1 b6 23. Ba3 Kf7 24. Rbc1 Rh8 25. Ne2 Rac8 26. Rc6 h5 27. Rfc1 hxg4 28. Bxg4 f3 29. Ng3 Qf4 30. Bxd6 cxd6 31.
Rxc8 Rxc8 32. Rxc8 Ng2 33. Qxf3 1-0

[Event "*** Titled Tuesday Blitz"]
[Site "Chess.com"]
[Date "2020.04.21"]
[Round "4"]
[White "Kobalia"]
[Black "Alexander_Moskalenko"]
[Result "1/2-1/2"]
[WhiteElo "2710"]
[BlackElo "2895"]
[TimeControl "180+1"]
[EndTime "10:37:39 PDT"]
[Termination "Game drawn by repetition"]

1. e4 c6 2. d4 d5 3. exd5 cxd5 4. Bd3 Nc6 5. c3 e5 6. dxe5 Nxe5 7. Qe2 Qe7 8. Bb5+ Bd7 9. Bxd7+ Kxd7 10. Be3 Nc4 11. Nf3 Re8 12. O-O Nxe3 13. Qb5+ Kc8 14. fxe3 Qxe3+ 15. Kh1 Nf6 16. Nbd2 a6 17. Qa4 Bc5 18. Nb3 Bb6 19. Nbd4 Ne4 20. Rae1 Nf2+ 21. Kg1 Nh3+ 22. Kh1 Nf2+ 23. Kg1 Nh3+ 24. Kh1 Nf2+ 1/2-1/2

[Event "*** Titled Tuesday Blitz"]
[Site "Chess.com"]
[Date "2020.04.21"]
[Round "4"]
[White "SHIVACalypso"]
[Black "maximnovik"]
[Result "0-1"]
[WhiteElo "2223"]
[BlackElo "2450"]
[TimeControl "180+1"]
[EndTime "10:37:39 PDT"]
[Termination "maximnovik won by resignation"]

1. Nf3 Nf6 2. c4 c5 3. g3 g6 4. Bg2 Bg7 5. O-O d5 6. cxd5 Nxd5 7. Nc3 O-O 8. Nxd5 Qxd5 9. d3 Nc6 10. Be3 Bd7 11. Rc1 Qxa2 12. Bxc5 Qxb2 13. Rb1 Qc3 14.
d4 b6 15. Rc1 Qa5 16. Ne5 Nxe5 17. dxe5 Ba4 18. Qd5 bxc5 19. Rxc5 Qb6 20. Rc4 Bb3 0-1

[Event "*** Titled Tuesday Blitz"]
[Site "Chess.com"]
[Date "2020.04.21"]
[Round "4"]
[White "KubaGepard"]
[Black "warmoatmeal"]
[Result "1-0"]
[WhiteElo "2392"]
[BlackElo "1983"]
[TimeControl "180+1"]
[EndTime "10:37:40 PDT"]
[Termination "KubaGepard won by resignation"]

1. d4 Nf6 2. Nf3 d5 3. c4 e6 4. e3 Be7 5. b3 O-O 6. Bb2 b6 7. Nbd2 Bb7 8. Bd3 c5 9. cxd5 exd5 10. O-O Nc6 11. Rc1 cxd4 12. Nxd4 Nxd4 13. Bxd4 Rc8 14. Nf3 Rxc1 15. Qxc1 Qc8 16. Qb1 h6 17. Rc1 Qd7 18.
Ne5 Qe6 19. Rc7 Rb8 20. Nd7 Nxd7 21. Bf5 Qd6 22. Rxd7 Qa3 23. Bb2 Qb4 24. Qc1 Rc8 25.
Qd1 Ba6 26. a3 Qc5 27. b4 Be2 28. Qxe2 Qc1+ 29. Bxc1 Rxc1+ 30. Qf1 1-0

[Event "*** Titled Tuesday Blitz"]
[Site "Chess.com"]
[Date "2020.04.21"]
[Round "4"]
[White "DrMelekess"]
[Black "GM_LOADING"]
[Result "1-0"]
[WhiteElo "2702"]
[BlackElo "2510"]
[TimeControl "180+1"]
[EndTime "10:37:44 PDT"]
[Termination "DrMelekess won by resignation"]

1. d4 Nf6 2. Nf3 e6 3. c4 Bb4+ 4. Bd2 a5 5. e3 b6 6. Be2 Bb7 7. O-O Bxd2 8. Qxd2 d6 9. Nc3 Nbd7 10. Rac1 O-O 11. Qc2 Qe7 12. Rfd1 Rac8 13. a3 e5 14. b4 axb4 15. axb4 e4 16. Nd2 Rfe8 17. h3 d5 18. b5 dxc4 19. Nxc4 Nd5 20. Nxd5 Bxd5 21. Ra1 Ra8 22.
Nd2 Nf6 23. Bc4 Bxc4 24. Nxc4 Nd5 25. Ne5 f6 26. Qc6 Qd6 27. Qxa8 1-0

[Event "*** Titled Tuesday Blitz"]
[Site "Chess.com"]
[Date "2020.04.21"]
[Round "4"]
[White "Squirlolz"]
[Black "abubakrtagelsir"]
[Result "1/2-1/2"]
[WhiteElo "2547"]
[BlackElo "2340"]
[TimeControl "180+1"]
[EndTime "10:37:44 PDT"]
[Termination "Game drawn by agreement"]

1. e4 d6 2. d4 Nf6 3. Nc3 g6 4. Be3 c6 5. h3 Bg7 6. f4 O-O 7. e5 Nfd7 8. Nf3 c5 9. dxc5 dxe5 10. fxe5 Nxe5 11. Be2 Nxf3+ 12. Bxf3 Qa5 13. O-O Be6 14. Nd5 Nc6 15. Qe1 Qxe1 16. Raxe1 Rad8 17. c4 Bxd5 18. cxd5 Nb4 19. Bg5 Nxd5 20. Bxe7 Nxe7 21.
Rxe7 Bxb2 22. Rxb7 Bd4+ 23. Kh1 Bxc5 24. Bd1 Rd2 25. Bb3 Rf2 26. Rxf2 1/2-1/2

[Event "*** Titled Tuesday Blitz"]
[Site "Chess.com"]
[Date "2020.04.21"]
[Round "4"]
[White "bilelou"]
[Black "Sanan_Sjugirov"]
[Result "0-1"]
[WhiteElo "2560"]
[BlackElo "2847"]
[TimeControl "180+1"]
[EndTime "10:37:45 PDT"]
[Termination "Sanan_Sjugirov won by resignation"]

1. d4 d5 2. c4 e6 3. Nf3 c6 4. Qc2 Nf6 5. g3 dxc4 6. Qxc4 b5 7. Qb3 Bb7 8. Bg2 Nbd7 9. Ne5 Nxe5 10. dxe5 Nd5 11.
O-O Be7 12. e4 Nb6 13. f4 O-O 14. Nd2 a6 15. Nf3 c5 16. Qc2 c4 17. Be3 Qc7 18.
f5 Bc5 19. Qf2 Nd7 20. Rad1 Bxe3 21. Qxe3 Nxe5 22. Nd4 exf5 23. Nxf5 f6 24. h3 Rad8 25. Kh2 Bc8 26. Nd4 Qa7 27. Qc3 b4 0-1

[Event "*** Titled Tuesday Blitz"]
[Site "Chess.com"]
[Date "2020.04.21"]
[Round "4"]
[White "tan275"]
[Black "Budisavljevic"]
[Result "0-1"]
[WhiteElo "2146"]
[BlackElo "2446"]
[TimeControl "180+1"]
[EndTime "10:37:46 PDT"]
[Termination "Budisavljevic won by resignation"]

1. d4 Nf6 2. c4 a6 3. g3 c5 4. d5 e6 5. Bg2 exd5 6. cxd5 d6 7.
a4 g6 8. Nf3 Bg7 9. O-O O-O 10.
Nc3 Re8 11. Bf4 Nh5 12. Bg5 Qb6 13. Qd2 Nd7 14. Rad1 Ne5 15. Nxe5 Bxe5 16. Bf3 Ng7 17. e4 Qb4 18. Rfe1 Bd7 19. Bh6 Bxa4 20. Nxa4 Qxa4 21. Bg2 Qb4 22. Qxb4 cxb4 23. b3 a5 24. Ra1 Bxa1 25. Rxa1 Rec8 0-1

[Event "*** Titled Tuesday Blitz"]
[Site "Chess.com"]
[Date "2020.04.21"]
[Round "4"]
[White "Jospem"]
[Black "KrolPawel92OnTwitch"]
[Result "1-0"]
[WhiteElo "2836"]
[BlackElo "2692"]
[TimeControl "180+1"]
[EndTime "10:37:47 PDT"]
[Termination "Jospem won by resignation"]

1. c4 Nf6 2. Nc3 g6 3. g3 Bg7 4. Bg2 O-O 5. d4 c6 6. e4 d6 7. Nge2 e5 8. O-O Nbd7 9. h3 Re8 10. d5 c5 11. Be3 a6 12. a4 Rb8 13. Qd3 Nb6 14. f4 Nfd7 15. f5 gxf5 16. Rxf5 Nf8 17. Rf2 Nbd7 18. Raf1 Qe7 19. g4 Ng6 20. Rxf7 Qxf7 21.
Rxf7 Kxf7 22. Ng3 Nf4 23. Qd2 Nf8 24. Nf5 Bxf5 25. exf5 Nxg2 26. Kxg2 Nd7 27. Ne4 Bf8 28. Bh6 Be7 29. g5 Rg8 30. Kh2 Rbd8 31. Qe2 Bf8 32. Qh5+ Ke7 33. f6+ Nxf6 34. gxf6+ Kd7 35. Qf7+ 1-0

[Event "*** Titled Tuesday Blitz"]
[Site "Chess.com"]
[Date "2020.04.21"]
[Round "4"]
[White "MrVenky"]
[Black "PredragNikac"]
[Result "1-0"]
[WhiteElo "2531"]
[BlackElo "2270"]
[TimeControl "180+1"]
[EndTime "10:37:47 PDT"]
[Termination "MrVenky won by resignation"]

1. e4 c5 2. Nc3 d6 3. f4 g6 4. Nf3 Bg7 5. Bc4 Nc6 6. O-O e6 7. d3 Nge7 8. Qe1 a6 9. a3 b5 10. Ba2 Qb6 11. Kh1 Bb7 12. f5 gxf5 13. exf5 Bxc3 14.
bxc3 e5 15. Ng5 Nd8 16. Ne4 Bxe4 17. Qxe4 Qc6 18. Qh4 Rg8 19. Bg5 h6 20. Qxh6 Nb7 21. Bxf7+ Kxf7 22. Qf6+ 1-0